 Dungeon Crawl Stone Soup version 0.24.0-35-gdb84b6a5db (webtiles) character file.

Game seed: 14318934633759437464, levelgen mode: deterministic

177 grindst0ne the Covert (level 5, -4/30 HPs)
             Began as a Kobold Assassin on Nov 18, 2019.
             Was a Follower of Makhleb.
             Slain by an orc
             ... wielding a +0 trident
              (9 damage)
             ... on level 3 of the Dungeon.
             The game lasted 00:05:55 (1785 turns).

grindst0ne the Covert (Kobold Assassin)             Turns: 1785, Time: 00:05:55

Health: -4/30      AC:  4    Str:  9    XL:     5   Next: 87%
Magic:  5/5        EV: 13    Int: 13    God:    Makhleb [*.....]
Gold:   94         SH:  0    Dex: 16    Spells: 4/4 levels left

rFire    . . .     SeeInvis .   m - +6 hand axe
rCold    . . .     Gourm    .   (shield restricted)
rNeg     . . .     Faith    .   n - +0 leather armour
rPois    .         Spirit   .   (no helmet)
rElec    .         Reflect  .   c - +0 cloak
rCorr    .         Harm     .   (no gloves)
MR       .....                  (no boots)
Stlth    ++++......             (no amulet)
HPRegen  0.10/turn              (no ring)
MPRegen  0.09/turn              (no ring)

@: no status effects
A: small, carnivore
a: Renounce Religion


You were on level 3 of the Dungeon.
You worshipped Makhleb.
Makhleb was aware of your devotion.
You were completely stuffed.

You visited 1 branch of the dungeon, and saw 3 of its levels.

You collected 94 gold pieces.

Inventory:

Hand Weapons
 m - a +6 hand axe (weapon)
 q - a +1 dagger of speed
Missiles
 d - 18 poisoned darts (quivered)
 e - 2 curare-tipped darts
Armour
 b - a +0 robe
 c - a +0 cloak (worn)
 n - a +0 leather armour (worn)
 u - a +0 scale mail
Wands
 w - a wand of polymorph (5)
Scrolls
 g - a scroll of fear {unknown}
 h - 6 scrolls of identify {unknown}
 j - a scroll of remove curse {unknown}
 k - 2 scrolls of enchant armour {unknown}
 l - 2 scrolls of fog {unknown}
 p - a scroll of amnesia {unknown}
 r - 2 scrolls of blinking {unknown}
 s - 2 scrolls of enchant weapon {unknown}
 t - 2 scrolls of immolation {unknown}
Potions
 a - 3 potions of curing
 o - a potion of agility {unknown}
 v - a potion of lignification {unknown}
 x - a potion of might {unknown}
Comestibles
 f - 6 rations
 i - 6 chunks of flesh


   Skills:
 - Level 2.1 Fighting
 - Level 2.6 Short Blades
 - Level 2.1 Throwing
 - Level 1.2 Dodging
 + Level 9.3 Stealth


You had 4 spell levels left.
You didn't know any spells.
Your spell library contained the following spells:

 Spells                   Type           Power        Failure   Level  Hunger
 Animate Skeleton         Necr           N/A          41%         1    ##.....
 Pain                     Necr           #...         41%         1    ##.....
 Regeneration             Chrm/Necr      #.........   78%         3    ####...
 Vampiric Draining        Necr           #.........   78%         3    ####...
 Animate Dead             Necr           N/A          99%         4    #####..


Dungeon Overview and Level Annotations

Branches:
Dungeon (3/15)

Altars:
Ashenzari
Makhleb
Trog
Vehumet


Innate Abilities, Weirdness & Mutations

You are small and have problems with some larger weapons.
You are carnivorous and can eat meat at any time.


Message History

You hit the orc but do no damage. The orc hits you but does no damage.
You barely miss the orc. The orc hits you with a +0 trident.
* * * LOW HITPOINT WARNING * * *
You hit the orc but do no damage. The orc closely misses you.
The orc misses you.
Okay, then.
You hit the orc.
The orc is almost dead.
The orc completely misses you.
You closely miss the orc.
The orc is almost dead.
The orc hits you with a +0 trident.
* * * LOW HITPOINT WARNING * * *
You hit the orc but do no damage.
The orc is almost dead.
The orc barely misses you.
You hit the orc but do no damage.
The orc is almost dead.
The orc hits you with a +0 trident!
You die...

######.#####.[......#.......####
#.# #.....####.........รท# #.#
#.....# ###........# #.#
#.....######........# #.#
#..##...............# #.
#..##.#######.......# ..
#....g..............#
#.###o############### #..###@#
#+##...# ##..# ##.# ##. #. l# #


You could see an orc and a goblin.

Vanquished Creatures
  Jessica (D:2)
  Robin (D:2)
  3 adders (D:2)
  2 oozes
  3 worms
  2 dart slugs (D:1)
  2 leopard geckos
  7 orcs (D:3)
  A ball python (D:2)
  6 bats
  2 giant cockroaches
  14 goblins
  10 hobgoblins
  8 jackals
  3 frilled lizards
  7 kobolds
  6 rats
78 creatures vanquished.

Notes
Turn   | Place    | Note
-------+----------+-------------------------------------------
     0 | D:1      | grindst0ne the Kobold Assassin began the quest for the Orb.
     0 | D:1      | Reached XP level 1. HP: 12/12 MP: 1/1
   161 | D:1      | Reached XP level 2. HP: 17/17 MP: 2/2
   163 | D:1      | Reached skill level 6 in Stealth
   370 | D:1      | Reached XP level 3. HP: 9/21 MP: 3/3
   682 | D:2      | Noticed Jessica
   686 | D:2      | Killed Jessica
   686 | D:2      | Reached skill level 7 in Stealth
   686 | D:2      | Reached XP level 4. HP: 26/26 MP: 4/4
   799 | D:2      | Found a shattered altar of Ashenzari.
   872 | D:2      | Found a bloodstained altar of Trog.
   872 | D:2      | Found a radiant altar of Vehumet.
   872 | D:2      | Found a burning altar of Makhleb.
   893 | D:2      | Became a worshipper of Makhleb the Destroyer
   917 | D:2      | Reached skill level 8 in Stealth
   948 | D:2      | Noticed Robin
   959 | D:2      | Killed Robin
   959 | D:2      | Reached XP level 5. HP: 22/30 MP: 5/5
  1431 | D:3      | Reached * piety under Makhleb
  1458 | D:3      | Reached skill level 9 in Stealth
  1785 | D:3      | Slain by an orc

Levels and vault maps discovered:
D:1:      minmay_arrival_stair_chambers, layout_basic, minmay_ruptured
D:2:      layout_basic, chequers_temple_overflow_statue_of_worship,
          uniq_jessica, uniq_robin
D:3:      layout_basic, lemuel_zombie_altar_yredelemnul, dk_noncrumbling_3

Skill      XL: |  1  2  3  4  5 |
---------------+----------------+-----
Stealth        | 6 7 8 9 |  9.3
Fighting       | |  2.1
Short Blades   | |  2.6
Throwing       | |  2.1
Dodging        | |  1.2

Action                   |  1- 3 |  4- 6 || total
-------------------------+-------+-------++-------
Melee: Dagger            |    53 |    70 ||   123
       Hand axe          |       |    80 ||    80
  Use: Potion            |       |     1 ||     1
 Stab: Sleeping          |     9 |    12 ||    21
  Eat: Chunk             |     8 |     3 ||    11
Armor: Robe              |     7 |       ||     7
       Leather armour    |     1 |    37 ||    38
Dodge: Dodged            |    29 |    88 ||   117
